 Dungeon Crawl Stone Soup version 0.20-a0-1040-gfd09691 (webtiles) character file.

757 Multipenetrator the Slasher (level 7, -10/54 HPs)
             Began as a Demonspawn Gladiator on Apr 23, 2017.
             Was an Initiate of Makhleb.
             Killed from afar by SushiGirl's ghost (24 damage)
             ... with an orb of energy
             ... on level 5 of the Dungeon.
             The game lasted 00:27:01 (3412 turns).

Multipenetrator the Slasher (Demonspawn Gladiator)  Turns: 3412, Time: 00:27:01

Health: -10/54     AC:  8    Str: 14    XL:     7   Next: 50%
Magic:  0/7        EV: 12    Int: 10    God:    Makhleb [......]
Gold:   154        SH:  0    Dex: 16    Spells: 6/6 levels left

rFire    + . .     SeeInvis .   z - +1 falchion (venom)
rCold    . . .     Gourm    .   (no shield)
rNeg     . . .     Faith    .   i - +0 ring mail
rPois    .         Spirit   +   c - +0 helmet
rElec    .         Reflect  .   (no cloak)
rCorr    .         Harm     .   (no gloves)
MR       .....                  (no boots)
Stlth    +.........             x - amulet of regeneration
Regen    0.6/turn               q - ring of protection from fire
MPRegen  0.1/turn               (no ring)

@: flying, drained
A: talons 1, yellow scales 1, powered by death 1, magic shield
a: Renounce Religion


You were on level 5 of the Dungeon.
You worshipped Makhleb.
Makhleb was noncommittal.
You were hungry.

You visited 2 branches of the dungeon, and saw 7 of its levels.

You collected 154 gold pieces.

Inventory:

Hand Weapons
 a - a +0 long sword
 z - a +1 falchion of venom (weapon)
Missiles
 d - 3 throwing nets (quivered)
Armour
 b - a +0 leather armour
 c - a +0 helmet (worn)
 i - a +0 ring mail (worn)
Jewellery
 q - a ring of protection from fire (left hand)
 x - an amulet of regeneration (around neck)
Wands
 o - a wand of acid (0/15)
 w - a wand of confusion (19/48)
Scrolls
 g - 2 scrolls of teleportation {unknown}
 j - a scroll of noise {unknown}
 n - a scroll of amnesia {unknown}
 p - a scroll of enchant weapon {unknown}
 r - 5 scrolls of identify {unknown}
 s - 2 scrolls of remove curse {unknown}
 t - a scroll of fear {unknown}
 u - 2 scrolls of enchant armour {unknown}
 v - a scroll of recharging {unknown}
 y - 3 scrolls of blinking {unknown}
Potions
 e - a potion of lignification {unknown}
 l - a potion of curing {unknown}
 m - 2 potions of flight
Comestibles
 f - 2 bread rations
 h - 3 fruits
 k - a royal jelly
 A - a chunk of flesh


   Skills:
 + Level 4.0(2.9) Fighting
 + Level 5.5(4.3) Long Blades
 - Level 1.7(0.7) Throwing
 + Level 2.9(1.8) Armour
 + Level 4.5(3.3) Dodging
 * Level 0.3(0.0) Invocations
 - Level 0.2(0.0) Evocations


You had 6 spell levels left.
You didn't know any spells.

Dungeon Overview and Level Annotations

Branches:
Dungeon (6/15)             Temple (1/1) D:6

Altars:
Elyvilon
Fedhas
Gozag
Kikubaaqudgha
Makhleb
Okawaru
Qazlal
Vehumet
Yredelemnul

Annotations:
D:3 Sigmund
D:5 SushiGirl's ghost, amateur DECj


Innate Abilities, Weirdness & Mutations

You have sharp toenails.
You are partially covered in yellow scales. (AC +2)
You regenerate a little health from kills.
When hurt, damage is shared between your health and your magic reserves.


Message History

The wight hits you but does no damage.
SushiGirl's ghost (amateur Deep Elf Conjurer) comes into view.
It is wielding a weapon of freezing.
SushiGirl's ghost turns its malevolent gaze towards you.
You hit the wight but do no damage. You claw the wight, but do no damage.
The wight is heavily damaged.
SushiGirl's ghost casts a spell at you. The magic dart hits you!
The wight closely misses you.
SushiGirl's ghost points at you and mumbles some strange words.
The orb of energy hits the wight.
The wight is destroyed!
The orb of energy explodes!
The mystic blast hits you!
* * * LOW HITPOINT WARNING * * *
You hear a shout!
It was a potion of flight.
You feel very buoyant.
You fly up into the air.
SushiGirl's ghost points at you and mumbles some strange words.
The orb of energy hits you!
You die...

###..# ♣≈P♣ #.♣♣
♣♣♣.P♣♣
#.P♣♣♣P≈≈≈♣≈ ###
#..≈≈.≈≈≈≈≈≈ ..#
#.♣≈≈♣♣≈≈≈.♣ #.#
#.♣♣♣♣♣♣≈≈♣♣ #)#
#.# ♣♣≈≈♣
####.#########.#
♣P≈♣♣
#...W.).@...##.##
♣♣.♣♣
#.##.######.#...##
♣≈.P♣ # #.#
#......# ##.## ..#
#.#...#####.# ...#
#.##.##.....###
....#
#....÷.........
.....#
####.##...#####
...... ##'######
.. ##...##


You could see SushiGirl's ghost.

Vanquished Creatures
  A black bear (D:6)
  An ogre (D:4)
  A bullfrog (D:5)
  A scorpion (D:5)
  A wight (D:5)
  A howler monkey (D:4)
  A crimson imp (D:6)
  2 orc priests
  A hound (D:6)
  2 orc wizards (D:4)
  A centaur skeleton (D:4)
  An iguana (D:5)
  2 worker ants (D:5)
  A hound skeleton (D:5)
  An adder (D:2)
  An ooze (D:2)
  A worm (D:2)
  A dart slug (D:4)
  7 orcs
  5 giant cockroaches
  3 goblins
  5 hobgoblins
  3 quokkas
  5 bats
  3 frilled lizards
  5 kobolds
  9 rats
66 creatures vanquished.

Vanquished Creatures (others)
  A wight (D:5)
1 creature vanquished.

Grand Total: 67 creatures vanquished

Notes
Turn   | Place    | Note
-------+----------+-------------------------------------------
     0 | D:1      | Multipenetrator the Demonspawn Gladiator began the quest for the Orb.
     0 | D:1      | Reached XP level 1. HP: 16/16 MP: 1/1
   351 | D:1      | Gained mutation: When hurt, damage is shared between your health and your magic reserves. [demonic ancestry]
   351 | D:1      | Reached XP level 2. HP: 15/22 MP: 2/2
   763 | D:2      | Reached skill level 3 in Long Blades
  1223 | D:2      | Gained mutation: You are partially covered in yellow scales. (AC +2) [demonic ancestry]
  1223 | D:2      | Reached XP level 3. HP: 26/28 MP: 3/3
  1362 | D:2      | Reached skill level 1 in Armour
  1535 | D:3      | Reached XP level 4. HP: 27/34 MP: 4/4
  1683 | D:3      | Noticed Sigmund
  1733 | D:4      | Found a blossoming altar of Fedhas.
  1741 | D:4      | Noticed a bullfrog
  1785 | D:5      | Entered Level 5 of the Dungeon
  1851 | D:5      | Reached skill level 4 in Long Blades
  1851 | D:5      | Gained mutation: You have sharp toenails. [demonic ancestry]
  1851 | D:5      | Reached XP level 5. HP: 31/40 MP: 3/5
  1940 | D:5      | Reached XP level 6. HP: 21/47 MP: 2/6
  2207 | D:3      | Found an ancient bone altar of Kikubaaqudgha.
  2316 | D:4      | Reached skill level 5 in Long Blades
  2361 | D:4      | Found an opulent altar of Gozag.
  2724 | D:6      | Gained mutation: You regenerate a little health from kills. [demonic ancestry]
  2724 | D:6      | Reached XP level 7. HP: 45/53 MP: 7/7
  3109 | D:6      | Found a staircase to the Ecumenical Temple.
  3118 | Temple   | Entered the Ecumenical Temple
  3129 | Temple   | Became a worshipper of Makhleb the Destroyer
  3407 | D:5      | Noticed SushiGirl's ghost (amateur DECj)
  3412 | D:5      | Killed from afar by SushiGirl's ghost

Vault maps used:
D:1:      dpeg_arrival_prison, hangedman_abyss_or_decor_lesser_grid
D:3:      lemuel_crystal_altar, uniq_sigmund
D:4:      fedhas_altar_2, nicolae_overflow_crystal_walls, first_bread,
          serial_bayou_pond_e
D:5:      amethyst_overflow_temple_binary, serial_bayou_crossing
D:6:      zin_purify, temple_fountains, serial_shops, nicolae_shop_stone,
          grunt_ministairs_6, uniq_duvessa, uniq_prince_ribbit1
Temple:   dshaligram_water_room_temple

Skill      XL: |  1  2  3  4  5  6  7 |
---------------+----------------------+-----
Long Blades    | 3 4 5 |  5.5
Dodging        | 3 4 |  4.5
Armour         | 1 2 |  2.9
Fighting       | 3 4 |  4.0
Throwing       | |  1.7
Invocations    | |  0.3
Evocations     | |  0.2

Action                   |  1- 3 |  4- 6 |  7- 9 || total
-------------------------+-------+-------+-------++-------
Melee: Long sword        |    89 |   127 |    48 ||   264
       Kick              |       |    52 |    45 ||    97
       Falchion          |       |       |    29 ||    29
Evoke: Wand              |       |     2 |       ||     2
  Use: Potion            |       |       |     1 ||     1
  Eat: Chunk             |     2 |     4 |     2 ||     8
Armor: Leather armour    |    14 |       |       ||    14
       Ring mail         |    31 |    79 |    29 ||   139
Dodge: Dodged            |   114 |   115 |    46 ||   275
       Rpst.: Long sword |    41 |    28 |    11 ||    80
       Falchion          |       |       |     5 ||     5
